 Dungeon Crawl Stone Soup version 0.17.0-28-g6e173f8 (webtiles) character file.

96 SKei0 the Skirmisher (level 4, -1/41 HPs)
             Began as a Minotaur Fighter on Nov 22, 2015.
             Slain by an orc warrior
             ... wielding a +0 long sword of freezing
              (2 damage)
             ... on level 3 of the Dungeon.
             The game lasted 00:03:37 (1244 turns).

SKei0 the Skirmisher (Minotaur Fighter)             Turns: 1244, Time: 00:03:38

Health: -1/41      AC:  9    Str: 26    XL:     4   Next: 41%
Magic:  3/3        EV:  6    Int:  5    God:
Gold:   135        SH: 10    Dex: 10    Spells: 0 memorised, 3 levels left

rFire  . . .     SeeInvis .     a - +0 war axe
rCold  . . .     Clarity  .     u - +0 chain mail
rNeg   . . .     SustAt   .     c - +0 shield
rPois  .         Gourm    .     (helmet restricted)
rElec  .         Spirit   .     (no cloak)
rCorr  .         Warding  .     (no gloves)
rMut   .         Stasis   .     (no boots)
MR     .....                    (no amulet)
Stlth  ..........               (no ring)
                                q - ring of stealth

@: mighty, flying, not resistant to hostile enchantments, extremely unstealthy
A: retaliatory headbutt, horns 2
a: no special abilities


You were on level 3 of the Dungeon.
You were not hungry.

You visited 1 branch of the dungeon, and saw 3 of its levels.

You collected 135 gold pieces.

Inventory:

Hand Weapons
 a - a +0 war axe (weapon)
Armour
 b - a +0 scale mail
 c - a +0 shield (worn)
 u - a +0 chain mail (worn)
Jewellery
 q - a ring of stealth (left hand)
Scrolls
 h - a scroll of amnesia {unknown}
 j - a scroll of enchant armour {unknown}
 k - 2 scrolls of recharging {unknown}
 r - a scroll of enchant weapon {unknown}
 s - a scroll of teleportation {unknown}
 t - a scroll of identify {unknown}
 v - a scroll of fear {unknown}
 w - a scroll of noise {unknown}
Potions
 i - a potion of haste {unknown}
 l - a potion of resistance {unknown}
 o - a potion of invisibility {unknown}
 p - a potion of ambrosia {unknown}
Comestibles
 e - 3 bread rations
 f - 2 fruits
 m - a beef jerky
 n - 3 chunks of flesh


   Skills:
 + Level 4.6 Fighting
 * Level 4.1 Axes
 + Level 4.1 Armour
 + Level 4.1 Shields


You had 3 spell levels left.
You didn't know any spells.

Dungeon Overview and Level Annotations

Branches:
Dungeon (3/15)

Altars:
Gozag


Innate Abilities, Weirdness & Mutations

You reflexively headbutt those who attack you in melee.
You have a pair of horns on your head.


Message History

You hit the orc warrior.
The orc warrior is severely wounded.
The orc warrior hits you with a long sword of freezing!
* * * LOW HITPOINT WARNING * * *
The orc warrior freezes you.
* * * LOW HITPOINT WARNING * * *
Drink which item? (? for menu, Esc to quit)
It was a potion of flight.
You feel very buoyant.
You fly up into the air.
The orc warrior hits you but does no damage.
Drink which item? (? for menu, Esc to quit)
You feel very mighty all of a sudden.
You closely miss the orc warrior.
The orc warrior is severely wounded.
The orc warrior hits you but does no damage.
The orc warrior hits you with a long sword of freezing.
* * * LOW HITPOINT WARNING * * *
The orc warrior freezes you.
You die...

g.....# .(.o..# ......#
..o...# ?.....# . ......#
.#################......#
...............@oo.......
#..#.......#############
#..##.####.# #..##.#..#.#
###..##.#..#.#
...........#.#
.....##.##.#.#
####.#.....#.#
#.#..####.#


You could see an orc warrior and an orc.

Vanquished Creatures
  An orc wizard (D:3)
  2 adders (D:2)
  2 worms (D:2)
  A giant gecko (D:2)
  6 orcs (D:3)
  A giant cockroach (D:2)
  6 goblins
  A hobgoblin (D:3)
  4 jackals (D:3)
  A kobold (D:2)
  6 bats
  2 giant newts (D:2)
  5 rats
38 creatures vanquished.

Notes
Turn   | Place    | Note
--------------------------------------------------------------
     0 | D:1      | SKei0 the Minotaur Fighter began the quest for the Orb.
     0 | D:1      | Reached XP level 1. HP: 19/19 MP: 0/0
   247 | D:1      | Reached XP level 2. HP: 27/27 MP: 1/1
   259 | D:1      | You fall through a shaft!
   278 | D:2      | Reached skill level 4 in Fighting
   446 | D:2      | Reached XP level 3. HP: 29/33 MP: 2/2
   932 | D:3      | Found an opulent altar of Gozag.
  1113 | D:3      | Reached XP level 4. HP: 34/41 MP: 3/3
  1227 | D:3      | Noticed an orc warrior
  1244 | D:3      | HP: 1/41 [orc warrior/long sword of freezing (6)]
  1244 | D:3      | Slain by an orc warrior

Action                   |  1- 3 |  4- 6 || total
-------------------------+-------+-------++-------
Melee: War axe           |    92 |    11 ||   103
  Use: Potion            |       |     2 ||     2
  Eat: Chunk             |     1 |       ||     1
